 Dungeon Crawl Stone Soup version 0.23.1 (webtiles) character file.

Game seed: 0

34911 Fang the Fighter (level 13, -6/130 HPs)
             Began as a Gargoyle Berserker on Mar 13, 2019.
             Was the Champion of Trog.
             Mangled by a death yak (17 damage)
             ... on level 5 of the Lair of Beasts.
             The game lasted 00:19:30 (15005 turns).

Fang the Fighter (Gargoyle Berserker)              Turns: 15005, Time: 00:19:30

Health: -6/130     AC: 22    Str: 33    XL:     13   Next: 80%
Magic:  13/13      EV: 16    Int:  9    God:    Trog [******]
Gold:   958        SH:  0    Dex:  9    Spells: 12/12 levels left

rFire    . . .     SeeInvis .   b - +3 battleaxe
rCold    + + .     Gourm    .   (shield currently unavailable)
rNeg     + . .     Faith    .   E - +1 leather armour of the Eight Boll Weevils {rPois Regen+ Str-2}
rPois    ∞         Spirit   .   H - +2 hat
rElec    +         Reflect  .   (no cloak)
rCorr    +         Harm     .   v - +0 pair of gloves of the Stallion {*Contam rC++}
MR       .....                  (no boots)
Stlth    ..........             i - amulet of the acrobat
HPRegen  0.71/turn              h - ring of resist corrosion
MPRegen  0.13/turn              q - +5 ring of strength

@: berserking, very quick
A: horns 1, iridescent scales 2, negative energy resistance 1, electricity
resistance, unbreathing, petrification resistance, rot immunity, AC +9
a: Berserk, Trog's Hand, Brothers in Arms, Renounce Religion


You were on level 5 of the Lair of Beasts.
You worshipped Trog.
Trog was exalted by your worship.
You were hungry.

You visited 2 branches of the dungeon, and saw 16 of its levels.
You also visited: Gauntlet.

You collected 958 gold pieces.

Inventory:

Hand Weapons
 b - a +3 battleaxe (weapon)
 f - a +0 hand axe of electrocution
 y - a +1 hand axe of venom
 B - a +2 antimagic broad axe
Armour
 o - a +7 plate armour
 v - the +0 pair of gloves of the Stallion (worn) {*Contam rC++}
   (You found it on level 4 of the Dungeon)

   It greatly protects you from cold.
   It causes magical contamination when unequipped.
 E - the +1 leather armour of the Eight Boll Weevils (worn) {rPois Regen+ Str-2}
   (You found it on level 10 of the Dungeon)

   It affects your strength (-2).
   It protects you from poison.
   It increases your rate of regeneration.
 H - a +2 hat (worn)
Jewellery
 h - a ring of resist corrosion (left hand)
 i - an amulet of the acrobat (around neck)
 q - a +5 ring of strength (right hand)
 s - an uncursed ring of positive energy
 w - an uncursed amulet of magic regeneration
 F - a +5 ring of dexterity
 M - an uncursed ring of protection from magic
Wands
 a - a wand of random effects (59)
 d - a wand of clouds (9)
 t - a wand of digging (10)
 x - a wand of enslavement (6)
 C - a wand of polymorph (10)
 D - a wand of acid (13)
 K - a wand of disintegration (15)
 L - a wand of iceblast (7)
 P - a wand of flame (14)
Scrolls
 e - 2 scrolls of blinking
 g - 7 scrolls of remove curse
 l - 3 scrolls of identify
 z - a scroll of fear
 A - a scroll of fog {unknown}
 G - 3 scrolls of teleportation
 O - a scroll of enchant weapon
Potions
 j - a potion of cancellation
 k - 3 potions of agility
 m - 9 potions of curing
 n - 3 potions of resistance
 p - 2 potions of ambrosia
 r - 3 potions of heal wounds
 u - 3 potions of flight
 J - 3 potions of brilliance
 N - a potion of mutation
Comestibles
 c - 19 rations


   Skills:
 + Level 12.9 Fighting
 + Level 11.0 Axes
 + Level 12.7 Armour
 + Level 10.1 Dodging


You had 12 spell levels left.
You didn't know any spells.
Your spell library was empty.

Dungeon Overview and Level Annotations

Branches:
Dungeon (11/15)            Temple (0/1) D:4            Lair (5/6) D:8
 Shoals (0/4) Lair:2        Snake (0/4) Lair:2          Orc (0/2) D:11
  Slime: Lair:5-6

Altars:
Ashenzari
Cheibriados
Fedhas
Gozag
Hepliaklqana
Okawaru
Ru
Sif Muna
Trog
Vehumet
Xom
Yredelemnul
Zin
The Shining One

Shops:
D:7 *   D:11 (

Portals:
Trove: D:11 (give 16 potions of curing)
Ice
Cave: Lair:5

Annotations:
D:6 1 runed translucent door, JamesMcGaha's ghost, novice MiFi


Innate Abilities, Weirdness & Mutations

You are resistant to torment.
Your stone body is resilient. (AC +9)
You are immune to poison.
You resist negative energy. (rN+)
You are resistant to electric shocks. (rElec)
You can survive without breathing.
You are immune to petrification.
You are immune to rotting.
You have a pair of small horns on your head.
You are mostly covered in iridescent scales. (AC +4)


Message History

You slice the death yak!!
You kill the death yak!
Trog accepts your kill. The death yak closely misses you.
You slash the death yak!
The death yak is severely wounded.
You slash the death yak! The death yak misses you.
You slash the death yak!
The death yak is almost dead.
You barely miss the death yak. The death yak gores you!
* * * LOW HITPOINT WARNING * * *
You slice the death yak!!
You kill the death yak!
Trog accepts your kill.
You slice the death yak!! The death yak gores you!
* * * LOW HITPOINT WARNING * * *
You slice the death yak!! You headbutt the death yak!
The death yak is almost dead.
The death yak gores you!
You die...

.. .. ... ..# ..
....... ...##..##
#####........ ...#...##
.#.........P.##.......#
..#..................P#
.....................#
................†....#
...............Y@...##
.!..................P#
....................[#
.#...#...............#
.######...#.P..###...#
..P####....#....#...##
....##P..P##.........#
[...##....##...#....##
..>..#....#.....##...#


You could see a death yak.

Vanquished Creatures
  Gastronok (D:11)
  2 hydras
  2 two-headed ogres (D:8)
  2 death yaks (Lair:5)
  A cyclops (D:11)
  Maurice (D:9)
  12 elephants
  4 merfolk sirens (Lair:2)
  A gargoyle (D:8)
  Psyche (D:8)
  2 rime drakes
  10 spiny frogs
  4 komodo dragons
  The ghost of mongoose7101 the Chopper, an amateur DsGl (D:5)
  9 blink frogs
  A meliai zombie (D:11)
  7 hippogriffs
  A wyvern (Lair:5)
  20 yaks
  2 hungry ghosts (D:11)
  2 basilisks (Lair:4)
  6 wargs
  A naga (Lair:2)
  A soldier ant (D:11)
  11 water moccasins
  8 porcupines
  3 orc warriors
  12 ice beasts
  3 black bears
  A hornet zombie (D:6)
  4 phantoms
  A sky beast (D:8)
  A necrophage (D:11)
  10 ogres
  10 wolves
  12 crocodiles
  4 centaurs
  A big kobold (D:7)
  8 bullfrogs
  A wyvern zombie (D:11)
  5 scorpions
  3 killer bees (D:11)
  2 troll zombies (D:11)
  5 wights (D:5)
  An electric eel (Lair:2)
  2 howler monkeys (D:9)
  7 crimson imps
  5 hounds
  3 jellies
  2 centaur zombies (D:6)
  4 bullfrog skeletons
  12 orc priests
  2 centaur skeletons
  15 orc wizards
  An iguana (D:4)
  10 worker ants
  6 ogre zombies (D:11)
  2 hound zombies
  2 worker ant zombies
  4 gnolls (D:6)
  5 adders
  A shadow imp (D:7)
  An adder skeleton (D:10)
  2 worms
  A dart slug (D:2)
  6 leopard geckos
  47 orcs
  10 bats
  4 giant cockroaches
  2 goblins (D:1)
  6 hobgoblins
  12 jackals
  2 quokkas
  4 ball pythons
  8 frilled lizards
  2 goblin skeletons (D:11)
  3 goblin zombies (D:11)
  A hobgoblin skeleton (D:11)
  3 hobgoblin zombies (D:11)
  A jackal zombie (D:6)
  7 kobolds
  A leopard gecko skeleton (D:4)
  A leopard gecko zombie (D:6)
  2 orc skeletons (D:11)
  14 orc zombies (D:11)
  12 rats
  3 fungi
  4 plants
442 creatures vanquished.

Vanquished Creatures (others)
  A wizard (D:11)
  A bat (D:2)
  4 jackals (D:2)
  2 fungi
  A plant (Lair:2)
9 creatures vanquished.

Grand Total: 451 creatures vanquished

Notes
Turn   | Place    | Note
-------+----------+-------------------------------------------
     0 | D:1      | Fang the Gargoyle Berserker began the quest for the Orb.
     0 | D:1      | Reached XP level 1. HP: 14/14 MP: 1/1
    96 | D:1      | Reached XP level 2. HP: 19/19 MP: 2/2
   611 | D:1      | Reached ** piety under Trog
   611 | D:1      | Reached XP level 3. HP: 23/23 MP: 3/3
  1543 | D:2      | Reached XP level 4. HP: 23/29 MP: 4/4
  1551 | D:2      | Found a radiant altar of Vehumet.
  1860 | D:3      | Reached XP level 5. HP: 24/33 MP: 5/5
  1914 | D:3      | Found an opulent altar of Gozag.
  1915 | D:3      | Found a glowing silver altar of Zin.
  1945 | D:3      | Found a blossoming altar of Fedhas.
  2734 | D:4      | Reached XP level 6. HP: 39/39 MP: 6/6
  2769 | D:4      | Found a staircase to the Ecumenical Temple.
  2782 | D:4      | Found a shattered altar of Ashenzari.
  3128 | D:4      | Reached skill level 5 in Fighting
  3132 | D:4      | Reached *** piety under Trog
  3132 | D:4      | Reached XP level 7. HP: 18/44 MP: 7/7
  3720 | D:4      | Got a pair of translucent gloves
  3726 | D:4      | Identified the +0 pair of gloves of the Stallion {*Contam
                  | rC++} (You found it on level 4 of the Dungeon)
  4140 | D:5      | Entered Level 5 of the Dungeon
  4173 | D:5      | Reached skill level 5 in Armour
  4245 | D:5      | Reached XP level 8. HP: 37/51 MP: 8/8
  4246 | D:5      | Found a runed translucent gate.
  4246 | D:5      | Found a runed translucent gate.
  4247 | D:5      | Found a runed translucent gate.
  4428 | D:5      | Noticed mongoose7101's ghost (amateur DsGl)
  4513 | D:5      | Reached skill level 5 in Axes
  4575 | D:5      | Killed mongoose7101's ghost
  4931 | D:5      | Reached XP level 9. HP: 56/56 MP: 9/9
  4975 | D:5      | Found an iron altar of Okawaru.
  5240 | D:6      | Found a basalt altar of Yredelemnul.
  5248 | D:6      | Reached skill level 5 in Dodging
  5258 | D:6      | Reached **** piety under Trog
  5344 | D:6      | Found a runed translucent door.
  5345 | D:6      | Found a shimmering altar of Xom.
  5345 | D:6      | Noticed JamesMcGaha's ghost (novice MiFi)
  5345 | D:6      | Noticed a +1 rapier of chaos
  5946 | D:6      | Found a deep blue altar of Sif Muna.
  5946 | D:6      | Found a sacrificial altar of Ru.
  6267 | D:6      | You fall through a shaft!
  6399 | D:7      | Reached XP level 10. HP: 64/64 MP: 10/10
  6592 | D:7      | Found an opulent altar of Gozag.
  6649 | D:7      | Found Vamepro's Assorted Antiques.
  6711 | D:7      | Reached ***** piety under Trog
  6729 | D:7      | Found a hazy altar of Hepliaklqana.
  7074 | D:8      | Found a shimmering altar of Xom.
  7130 | D:8      | Noticed a two-headed ogre
  7141 | D:8      | Killed a two-headed ogre
  7251 | D:8      | Found a snail-covered altar of Cheibriados.
  7284 | D:8      | Noticed a two-headed ogre
  7292 | D:8      | Killed a two-headed ogre
  7564 | D:8      | Found a staircase to the Lair.
  7779 | D:8      | Noticed a gargoyle
  7785 | D:8      | Killed a gargoyle
  7918 | D:8      | Noticed Psyche
  7924 | D:8      | Killed Psyche
  7924 | D:8      | Reached XP level 11. HP: 71/71 MP: 11/11
  8023 | D:8      | Found a blossoming altar of Fedhas.
  8416 | D:9      | Found a glowing golden altar of the Shining One.
  8787 | D:9      | Noticed Maurice
  8801 | D:9      | Killed Maurice
  8840 | D:9      | Gained mutation: You expend magic power (3 MP) to
                  | strengthen your wands. [potion of mutation]
  8840 | D:9      | Gained mutation: Your spells are a little easier to cast,
                  | but a little less powerful. [potion of mutation]
  8840 | D:9      | Gained mutation: You are partially covered in iridescent
                  | scales. (AC +2) [potion of mutation]
  8841 | D:9      | Lost mutation: Your spells are a little easier to cast, but
                  | a little less powerful. [potion of mutation]
  8841 | D:9      | Lost mutation: You expend magic power (3 MP) to strengthen
                  | your wands. [potion of mutation]
  8841 | D:9      | Gained mutation: You are mostly covered in iridescent
                  | scales. (AC +4) [potion of mutation]
  8841 | D:9      | Gained mutation: You have a pair of small horns on your
                  | head. [potion of mutation]
  9014 | D:10     | Entered Level 10 of the Dungeon
  9602 | D:10     | Reached skill level 10 in Fighting
  9624 | D:10     | Got a dazzling leather armour
  9635 | D:10     | Identified the +1 leather armour of the Eight Boll Weevils
                  | {rPois Regen+ Str-2} (You found it on level 10 of the
                  | Dungeon)
  9829 | D:11     | Found Pues's Antique Weapon Shop.
  9848 | D:11     | Identified Sif Muna's Volume of Mutagenic Bewitchment
  9942 | D:11     | Found a staircase to the Orcish Mines.
  9991 | D:11     | Found a portal to a secret trove of treasure.
 10084 | D:11     | Noticed Gastronok
 10101 | D:11     | Killed Gastronok
 10101 | D:11     | Reached skill level 10 in Armour
 10224 | D:11     | Found a gate leading to a gauntlet.
 10268 | Gauntlet | Entered a Gauntlet
 10268 | Gauntlet | Found a transporter.
 10268 | Gauntlet | Found a transporter.
 10276 | Gauntlet | Noticed a soul eater
 10279 | Gauntlet | Found a transporter.
 10321 | D:11     | Found a bloodstained altar of Trog.
 10339 | D:11     | Received a gift from Trog
 10387 | D:11     | Noticed a cyclops
 10397 | D:11     | Killed a cyclops
 10539 | D:11     | Reached ****** piety under Trog
 10610 | D:11     | Noticed a wizard
 10612 | D:11     | Killed a wizard
 10855 | Lair:1   | Entered Level 1 of the Lair of Beasts
 10855 | Lair:1   | Noticed a six-headed hydra
 10874 | Lair:1   | Killed a 15-headed hydra
 10874 | Lair:1   | Reached XP level 12. HP: 8/79 MP: 12/12
 11947 | Lair:2   | Found a staircase to the Shoals.
 12230 | Lair:2   | Reached skill level 10 in Axes
 12234 | Lair:2   | Found a staircase to the Snake Pit.
 12255 | Lair:2   | You fall through a shaft!
 12480 | Lair:3   | Reached XP level 13. HP: 86/86 MP: 13/13
 13917 | Lair:4   | Received a gift from Trog
 14804 | Lair:5   | Found a frozen archway.
 14818 | Lair:5   | Reached skill level 10 in Dodging
 14908 | Lair:5   | Found a sacrificial altar of Ru.
 15005 | Lair:5   | Mangled by a death yak

Skill      XL: |  1  2  3  4  5  6  7  8  9 10 11 12 13 |
---------------+----------------------------------------+-----
Axes           | 3 4 5 6 8 9 10 11 | 11.0
Dodging        | 2 3 4 6 7 8 9 10 | 10.1
Armour         | 3 4 5 6 7 9 10 11 12 | 12.7
Fighting       | 4 5 6 8 9 10 12 | 12.9

Action                   |  1- 3 |  4- 6 |  7- 9 | 10-12 | 13-15 || total
-------------------------+-------+-------+-------+-------+-------++-------
Melee: Hand axe          |   177 |   166 |    15 |       |       ||   358
       Battleaxe         |       |       |   339 |   680 |   214 ||  1233
       Headbutt          |       |       |       |   103 |    48 ||   151
Invok: Berserk           |       |     2 |     1 |     5 |     2 ||    10
       Trog's Hand       |       |       |       |     1 |       ||     1
       Brothers in Arms  |       |       |       |     1 |       ||     1
  Use: Scroll            |       |       |    21 |     7 |     4 ||    32
       Potion            |       |       |       |     2 |       ||     2
  Eat: Chunk             |     2 |     6 |    14 |    23 |    10 ||    55
       Ration            |       |       |       |     2 |       ||     2
Armor: Animal skin       |    74 |     3 |       |       |       ||    77
       Plate armour      |       |   136 |   321 |   190 |       ||   647
       Leather armour    |       |       |       |   257 |   112 ||   369
Dodge: Dodged            |   146 |    78 |   229 |   655 |   260 ||  1368
